 Dungeon Crawl Stone Soup version 0.31.0-7-gf635a9b802 (webtiles) character file.

Game seed: 15866533281142894375

59459 Daunt the Brawler (level 14, -7/144 HPs)
             Began as a Troll Enchanter on Jan 23, 2024.
             Was a High Priest of Wu Jian.
             Mangled by a two-headed ogre
             ... wielding a +5 great mace
              (13 damage)
             ... on level 9 of the Dungeon.
             The game lasted 01:06:59 (13375 turns).

Daunt the Brawler (Troll Enchanter)                Turns: 13375, Time: 01:07:01

Health: -7/144     AC: 10    Str: 23    XL:     14   Next: 16%
Magic:  14/14      EV: 15    Int: 11    God:    Wu Jian [*****.]
Gold:   1355       SH:  0    Dex: 14    Spells: 15/15 levels left

rFire   + +          .
                       - Unarmed
rCold   x . .        (no shield)
rNeg    . . .        U - +0 fire dragon scales
rPois   .            (helmet currently unavailable)
rElec   +            (cloak currently unavailable)
rCorr   .            (gloves unavailable)
SInv    .            (boots unavailable)
Will    +....        (no amulet) Stlth
                     Q - +4 ring of slaying
HPRegen 1.24/turn    E - +5 ring of evasion
MPRegen 0.14/turn

%: no passive effects
@: about to teleport, beast-form
A: beast (slay +2), large, unfitting armour, claws 3, regeneration 1, shaggy fur
1, tough skin 1
a: Begin Untransformation, Renounce Religion, Wall Jump, Serpent's Lash,
Heavenly Storm


You were on level 9 of the Dungeon.
You worshipped Wu Jian.
Wu Jian was extremely pleased with you.
You were a hulking beast.
You visited 3 branches of the dungeon, and saw 16 of its levels.
You also visited: Sewer.

You collected 1355 gold pieces.

Inventory:

Hand Weapons
 L - a +2 scimitar of flaming
Missiles
 d - 136 stones (quivered)
 g - 37 poisoned darts
 m - 4 throwing nets
 r - 8 boomerangs
 H - 5 curare-tipped darts
 K - 6 javelins
Armour
 B - a +1 robe of willpower
 I - +0 ice dragon scales
 U - +0 fire dragon scales (worn)
Jewellery
 b - a ring of ice
 E - a +5 ring of evasion (right claw)
 F - the ring "Osiygg" {Fire rCorr}
   (You found it on level 3 of the Dungeon)

   [ring of fire]

   Fire:      It enhances your fire magic.
   rF+:       It protects you from fire.
   rC-:       It makes you vulnerable to cold.
   rCorr:     It protects you from acid and corrosion.
 P - a ring of poison resistance
 Q - a +4 ring of slaying (left claw)
Talismans
 R - the beast talisman of Yzxe Sor (active) {rElec Dex+4}
   (You found it on level 4 of the Lair of Beasts)

   [beast talisman]

   Dex+4:     It affects your dexterity (+4).
   rElec:     It insulates you from electricity.
Wands
 a - a wand of flame (17)
 y - a wand of charming (6)
 z - a wand of polymorph (10)
 A - a wand of iceblast (11)
 J - a wand of digging (13)
 M - a wand of acid (1)
 V - a wand of mindburst (4)
Scrolls
 e - a scroll of noise {unknown}
 i - a scroll of identify
 l - a scroll of vulnerability {unknown}
 o - a scroll of teleportation
 p - 3 scrolls of revelation {unknown}
 q - 4 scrolls of blinking {unknown}
 s - 4 scrolls of enchant weapon {unknown}
 t - 3 scrolls of enchant armour {unknown}
 u - a scroll of silence {unknown}
 v - 2 scrolls of poison {unknown}
 w - 4 scrolls of fear {unknown}
 S - a scroll of immolation {unknown}
 X - a scroll of brand weapon {unknown}
Potions
 c - 2 potions of invisibility
 f - a potion of mutation
 h - 3 potions of curing {unknown}
 j - 2 potions of might
 k - 2 potions of berserk rage {unknown}
 n - 2 potions of enlightenment
 x - 2 potions of heal wounds
 C - 5 potions of attraction
 D - a potion of resistance
 G - a potion of magic {unknown}
 N - a potion of ambrosia {unknown}
 W - 2 potions of haste {unknown}
 Y - 2 potions of experience {unknown}
 Z - a potion of brilliance {unknown}


   Skills:
 + Level 10.5 Fighting
 - Level 0.7 Short Blades
 + Level 2.5 Throwing
 + Level 8.1 Dodging
 - Level 1.5 Stealth
 * Level 18.1 Unarmed Combat
 - Level 1.2 Spellcasting
 - Level 2.0 Hexes
 + Level 1.4 Evocations
 + Level 5.2 Shapeshifting


You had 15 spell levels left.
You didn't know any spells.
Your spell library contained the following spells:

 Spells                   Type           Power      Damage    Failure   Level
 Freeze                   Ice            0%         1d3       71%         1
 Ensorcelled Hibernation  Hex/Ice        4%         N/A       71%         2
 Confusing Touch          Hex            5%         N/A       80%         3
 Sigil of Binding         Hex            5%         N/A       80%         3
 Tukima's Dance           Hex            5%         N/A       80%         3
 Lesser Beckoning         Tloc           0%         N/A       85%         2
 Dazzling Flash           Conj/Hex       4%         N/A       91%         3
 Inner Flame              Hex/Fire       2%         N/A       91%         3
 Call Canine Familiar     Summ           0%         N/A       97%         3
 Frozen Ramparts          Ice            0%         1d1       97%         3
 Fugue of the Fallen      Necr           0%         N/A       97%         3
 Gell's Gravitas          Tloc           0%         N/A       97%         3
 Hailstorm                Conj/Ice       0%         3d5       97%         3
 Teleport Other           Tloc           0%         N/A       97%         3
 Volatile Blastmotes      Fire/Tloc      0%         2d10      97%         3
 Cause Fear               Hex            2%         N/A       99%         4
 Anguish                  Hex/Necr       1%         N/A       100%        4
 Dimensional Bullseye     Hex/Tloc       1%         N/A       100%        4
 Vhi's Electric Charge    Tloc/Air       0%         N/A       100%        4
 Arcjolt                  Conj/Air       0%         1d10      100%        5
 Irradiate                Conj/Alch      0%         3d11      100%        5
 Plasma Beam              Fire/Air       0%         2x1d10    100%        6
 Starburst                Conj/Fire      0%         6d3       100%        6
 Enfeeble                 Hex            2%         N/A       100%        7
 Ignition                 Fire           0%         3d3       100%        8
 Maxwell's Capacitive Co  Air            0%         ∞         100%        8


Dungeon Overview and Level Annotations

Branches:
Dungeon (10/15)            Temple (1/1) D:5            Lair (5/5) D:8
 Shoals (0/4) Lair:3       Spider (0/4) Lair:2        Slime (0/5) Lair:5
  Sewer (visited)
    Orc: D:9-12

Altars:
Ashenzari
Cheibriados
Dithmenos
Elyvilon
Fedhas
Gozag
Hepliaklqana
Kikubaaqudgha
Makhleb
Nemelex Xobeh
Okawaru
Qazlal
Ru
Sif Muna
Trog
Uskayaw
Vehumet
Wu Jian
Xom
Yredelemnul
Zin
The Shining One
Jiyva

Annotations:
D:9 1 transporter
Lair:3 Rupert


Innate Abilities, Weirdness & Mutations

You are a hulking beast.
Your limbs bulge with bestial killing power. (Slay +2)
You are too large for most types of armour.
You have claws for hands.
Your natural rate of healing is unusually fast.
You are covered in fur. (AC +1)
You have tough skin. (AC +1)


Message History

You mangle the two-headed ogre!! Your claw misses the two-headed ogre.
The two-headed ogre is moderately wounded.
The two-headed ogre closely misses you. The two-headed ogre barely misses you.
The two-headed ogre hits you with a +5 great mace!
The two-headed ogre misses you.
You scratch the two-headed ogre.
The two-headed ogre is moderately wounded.
The two-headed ogre hits you with a +0 giant club!
The two-headed ogre barely misses you.
You barely miss the two-headed ogre.
The two-headed ogre is moderately wounded.
The two-headed ogre hits you with a +0 giant spiked club!!
The two-headed ogre hits you with a +0 giant club!
The two-headed ogre hits you with a +5 great mace!!
* * * LOW HITPOINT WARNING * * *
The two-headed ogre completely misses you.
Unknown command.
Unknown command.
As you read the scroll of teleportation, it crumbles to dust.
You feel strangely unstable. The two-headed ogre barely misses you.
The two-headed ogre completely misses you.
You feel much better.
The two-headed ogre hits you with a +0 giant spiked club!
The two-headed ogre hits you with a +0 giant club.
The two-headed ogre hits you with a +5 great mace!!
* * * LOW HITPOINT WARNING * * *
The two-headed ogre misses you.
The two-headed ogre hits you with a +0 giant club!
* * * LOW HITPOINT WARNING * * *
The two-headed ogre hits you with a +0 giant club!
* * * LOW HITPOINT WARNING * * *
Okay, then.
Unknown command.
You feel much better. The two-headed ogre misses you.
The two-headed ogre hits you with a +0 giant club.
* * * LOW HITPOINT WARNING * * *
The two-headed ogre hits you with a +5 great mace!
* * * LOW HITPOINT WARNING * * *
The two-headed ogre hits you with the +6 giant club "Icyat" {drain, rCorr}!
You die...

#....PP.......######.##.......##.
..#..PP.....................>.##.
###..PPPPPPP..##.###.##.......##.
.....PPPPPPP..##.# #.##..........
###...........##.###.##........#.
..............##.....##........#.
..............###..............##
.............#############.....#.
...##........#.OhOO©.....#.....##
...##........#.O##...##..#.....#
...##........#.#.O#.#..#.#.....#
#..##........#.#..#.#..#.###.#.#
.............#..##...##..# #.#.#
.............#.$O.O:[...©###.#.#
.............###############.#.##
..................©.©.....##.#.#.
........>.................##.#.#.


You could see 4 two-headed ogres.

Vanquished Creatures
  A fire dragon (Lair:5)
  The ghost of SuperJoe the Fighter, a journeyman FoCA of Ignis (D:9)
  A boulder beetle (Lair:5)
  Erica (Lair:1)
  9 death yaks
  A hell hog (Lair:5)
  A skyshark (Lair:3)
  A pharaoh ant (Lair:2)
  2 lindwurms (Lair:5)
  Pikel (D:4)
  10 elephants (Lair:5)
  The ghost of DeathSocks the Shooter, a novice GrHu of Okawaru (D:6)
  5 black mambas
  5 torpor snails (Lair:5)
  A water nymph (Lair:3)
  12 cane toads
  Maggie (D:7)
  7 rime drakes
  3 komodo dragons
  13 polar bears
  2 trolls
  7 hornets (Lair:5)
  3 tyrant leeches (Lair:5)
  Grinder (D:5)
  5 dream sheep
  11 blink frogs
  A raiju (Lair:5)
  2 jumping spiders (Lair:2)
  27 yaks
  6 wyverns
  3 steam dragons
  6 wargs (Lair:5)
  2 basilisks
  14 hell hounds (Lair:5)
  17 water moccasins
  2 orc warriors
  A sky beast (D:7)
  4 ice beasts
  16 black bears
  A crocodile (Sewer)
  3 ogres
  20 wolves
  5 centaurs
  2 lemures (D:4)
  2 phantoms
  2 kobold brigands
  A gnoll sergeant (D:8)
  10 bullfrogs
  3 scorpions
  7 wights
  6 killer bees
  3 howler monkeys (D:10)
  3 centaur zombies (D:7)
  2 bombardier beetles
  3 hounds
  3 bullfrog zombies (D:7)
  A gnoll bouda (D:8)
  3 orc priests
  A sleepcap (D:4)
  Jessica (D:3)
  An iguana (D:5)
  3 orc wizards
  A howler monkey zombie (D:7)
  14 adders
  16 gnolls
  A shadow imp (D:5)
  2 dart slugs (D:1)
  A ribbon worm (D:3)
  19 orcs
  6 bats
  5 endoplasms
  6 giant cockroaches
  11 goblins
  7 hobgoblins
  9 jackals
  2 quokkas
  5 ball pythons
  7 frilled lizards (D:2)
  20 kobolds
  6 rats
  A butterfly (Lair:5)
432 creatures vanquished.

Notes
Turn   | Place    | Note
-------+----------+-------------------------------------------
     0 | D:1      | Daunt the Troll Enchanter began the quest for the Orb.
     0 | D:1      | Reached XP level 1. HP: 16/16 MP: 1/1
    51 | D:1      | Reached skill level 1 in Unarmed Combat
   106 | D:1      | Reached XP level 2. HP: 24/24 MP: 2/2
   148 | D:1      | Reached skill level 2 in Unarmed Combat
   299 | D:1      | Reached XP level 3. HP: 31/31 MP: 3/3
   420 | D:1      | Reached skill level 3 in Unarmed Combat
  1095 | D:1      | Reached XP level 4. HP: 7/39 MP: 4/4
  1146 | D:2      | Reached skill level 4 in Unarmed Combat
  1611 | D:3      | Found a sparkling altar of Nemelex Xobeh.
  1660 | D:3      | Found a bloodstained altar of Trog.
  1733 | D:3      | Identified the ring "Osiygg" {Fire rCorr}
  1767 | D:3      | Found a glowing drain.
  1788 | D:3      | Reached XP level 5. HP: 41/45 MP: 5/5
  1817 | D:3      | Reached skill level 5 in Unarmed Combat
  1825 | Sewer    | Entered a sewer
  1906 | Sewer    | Noticed a crocodile
  1918 | Sewer    | Killed a crocodile
  2165 | D:3      | Reached XP level 6. HP: 53/53 MP: 6/6
  2513 | D:3      | Noticed Jessica
  2515 | D:3      | Killed Jessica
  2516 | D:3      | Reached skill level 6 in Unarmed Combat
  2635 | D:4      | Identified the +1 robe of Baldness {Harm}
  2677 | D:4      | Reached skill level 1 in Fighting
  2850 | D:4      | Reached XP level 7. HP: 62/62 MP: 7/7
  2872 | D:4      | Reached skill level 7 in Unarmed Combat
  2923 | D:4      | Noticed Pikel
  2946 | D:4      | Killed Pikel
  2947 | D:4      | Reached skill level 8 in Unarmed Combat
  2947 | D:4      | Reached XP level 8. HP: 43/75 MP: 8/8
  2987 | D:4      | Found a broken altar of Ashenzari.
  3322 | D:5      | Entered Level 5 of the Dungeon
  3408 | D:5      | Found a staircase to the Ecumenical Temple.
  3418 | Temple   | Entered the Ecumenical Temple
  3556 | D:5      | Found a white marble altar of Elyvilon.
  3599 | D:5      | Found a glowing silver altar of Zin.
  3604 | D:5      | Found a glowing golden altar of the Shining One.
  3620 | D:5      | Became a worshipper of Elyvilon the Healer
  3705 | D:5      | Noticed Grinder
  3715 | D:5      | Killed Grinder
  3716 | D:5      | Reached skill level 9 in Unarmed Combat
  4167 | D:6      | Reached skill level 10 in Unarmed Combat
  4232 | D:6      | Reached * piety under Elyvilon
  4243 | D:6      | Found an iron altar of Okawaru.
  4263 | D:6      | Reached XP level 9. HP: 69/83 MP: 9/9
  4679 | D:6      | Found a runed translucent gate.
  4679 | D:6      | Found a runed translucent gate.
  4679 | D:6      | Noticed a troll
  4682 | D:6      | Noticed DeathSocks's ghost (novice GrHu)
  4684 | D:6      | Reached skill level 5 in Fighting
  4684 | D:6      | Found a runed translucent gate.
  4969 | D:6      | Reached ** piety under Elyvilon
  5250 | D:7      | Found an opulent altar of Gozag.
  5298 | D:6      | Reached skill level 11 in Unarmed Combat
  5531 | D:7      | Found a basalt altar of Yredelemnul.
  5653 | D:7      | Noticed Maggie
  5903 | D:8      | Reached skill level 12 in Unarmed Combat
  5974 | D:8      | Reached XP level 10. HP: 90/98 MP: 10/10
  6011 | D:8      | Found a staircase to the Lair.
  6027 | D:8      | Found an ornate altar of the Wu Jian Council.
  6038 | D:8      | Found a shimmering blue altar of Sif Muna.
  6054 | D:8      | Found a shadowy altar of Dithmenos.
  6068 | D:8      | Fell from the grace of Elyvilon
  6068 | D:8      | Became a worshipper of the Wu Jian Council
  6396 | D:8      | Reached skill level 13 in Unarmed Combat
  6632 | D:9      | Found a transporter.
  6633 | D:9      | Found a transporter.
  6634 | D:9      | Identified the +6 giant club "Icyat" {drain, rCorr}
  6634 | D:9      | Noticed a two-headed ogre
  6634 | D:9      | Noticed SuperJoe's ghost (journeyman FoCA)
  6636 | D:9      | Noticed a two-headed ogre
  6637 | D:9      | Noticed a two-headed ogre
  7020 | D:9      | Found a hide-covered altar of Uskayaw.
  7237 | D:10     | Entered Level 10 of the Dungeon
  7376 | D:10     | Reached * piety under Wu Jian
  7403 | D:10     | Found a hazy altar of Hepliaklqana.
  7820 | D:10     | Noticed a two-headed ogre
  7820 | D:10     | Noticed a two-headed ogre
  7883 | Lair:1   | Entered Level 1 of the Lair of Beasts
  7920 | Lair:1   | Noticed Erica
  7931 | Lair:1   | Killed Erica
  7932 | Lair:1   | Reached XP level 11. HP: 37/109 MP: 11/11
  8307 | Lair:1   | Reached skill level 14 in Unarmed Combat
  8618 | Lair:2   | Found a sparkling altar of Nemelex Xobeh.
  8625 | Lair:2   | Noticed a death yak
  8625 | Lair:2   | Noticed a death yak
  8625 | Lair:2   | Noticed a death yak
  8625 | Lair:2   | Noticed a death yak
  8651 | Lair:2   | Reached ** piety under Wu Jian
  8661 | Lair:2   | Found a hole to the Spider Nest.
  8661 | Lair:2   | Noticed a pharaoh ant
  8666 | Lair:2   | Killed a pharaoh ant
  8886 | Lair:2   | Killed a death yak
  9419 | Lair:3   | Reached skill level 15 in Unarmed Combat
  9436 | Lair:3   | Reached skill level 5 in Dodging
  9437 | Lair:3   | Noticed a skyshark
  9448 | Lair:3   | Killed a skyshark
  9604 | Lair:3   | Reached XP level 12. HP: 67/122 MP: 12/12
  9691 | Lair:3   | Noticed Rupert
  9693 | Lair:3   | Paralysed by Rupert for 2 turns
  9895 | Lair:4   | Identified the beast talisman of Yzxe Sor {rElec Dex+4}
 10143 | Lair:4   | Reached *** piety under Wu Jian
 10733 | Lair:5   | Entered Level 5 of the Lair of Beasts
 10752 | Lair:5   | Reached skill level 1 in Shapeshifting
 10834 | Lair:5   | Reached skill level 1 in Throwing
 10834 | Lair:5   | Reached skill level 16 in Unarmed Combat
 10848 | Lair:5   | Reached skill level 1 in Evocations
 11068 | Lair:5   | Reached **** piety under Wu Jian
 11166 | Lair:5   | Reached XP level 13. HP: 123/131 MP: 13/13
 11384 | Lair:5   | Paralysed by a hornet for 2 turns
 11389 | Lair:5   | Paralysed by a hornet for 2 turns
 11405 | Lair:5   | Paralysed by a hornet for 3 turns
 11543 | Lair:5   | Reached skill level 5 in Shapeshifting
 11571 | Lair:5   | Noticed a fire dragon
 11597 | Lair:5   | Killed a fire dragon
 11619 | Lair:5   | Got an earthy gem with 72 turns to spare
 11689 | Lair:5   | Lost the earthy gem through the power of Zot.
 11695 | Lair:5   | Found a viscous altar of Jiyva.
 11695 | Lair:5   | Found a staircase to the Slime Pits.
 11791 | Lair:5   | Reached skill level 17 in Unarmed Combat
 11865 | Lair:4   | Reached skill level 10 in Fighting
 12426 | Lair:5   | Reached ***** piety under Wu Jian
 12770 | Lair:5   | Reached XP level 14. HP: 131/144 MP: 14/14
 12826 | Lair:5   | Reached skill level 18 in Unarmed Combat
 13196 | D:6      | Killed DeathSocks's ghost
 13278 | D:7      | Killed Maggie
 13369 | D:9      | Killed SuperJoe's ghost
 13375 | D:9      | HP: 6/144 [two-headed ogre/+5 great mace (15)]
 13375 | D:9      | Mangled by a two-headed ogre

Illustrated notes

Levels and vault maps discovered:
D:1:      dpeg_arrival_pond, layout_basic
D:2:      layout_loops_ring, minmay_lizard_pond
D:3:      cheibrodos_old_hovel, layout_loops_cross,
          mainiacjoe_overflow_cross_hatched, mainiacjoe_overflow_brackets,
          gup_sewer_entry_glass, minmay_quadrilaterals, uniq_jessica
D:4:      layout_basic, mainiacjoe_overflow_surrounded_room, uniq_pikel
D:5:      layout_loops_ring, good_gods_mini_temple,
          minmay_temple_entry_statues_pillars, uniq_grinder, uniq_menkaure
D:6:      layout_layer_cave, okawaru_metal_pillars_1_2, gammafunk_ghost_split
D:7:      layout_cave_pools, nicolae_yredelemnul_corpse_copse,
          nicolae_gozag_seed_capital, uniq_maggie
D:8:      layout_basic, gammafunk_temple_overflow_forgotten,
          minmay_lair_entry_grove
D:9:      layout_basic, mainiacjoe_overflow_chevrons, gammafunk_ghost_smash
D:10:     layout_cave_pods, nicolae_hepliaklqana_hazy_memory,
          nicolae_phantomly_mirrored
Temple:   nicolae_temple_colour_theory
Lair:1:   layout_hall_layers, chequers_serial_rivers_micro_b, uniq_erica
Lair:2:   layout_concentric_octagons, nicolae_spider_entry_lesser_pyramids,
          basic_altar
Lair:3:   layout_hall_layers, nicolae_shoals_entry_flooding, st_stairs_5,
          serial_bayou_lake_a, uniq_rupert
Lair:4:   layout_regular_city, nicolae_lair_grazing_beasts
          [nicolae_sub_lair_graze_edge, nicolae_sub_lair_graze_edge,
          nicolae_sub_lair_graze_edge, nicolae_sub_lair_graze_edge]
Lair:5:   wormcave, layout_hall_layers, hangedman_lair_caniforms_friends,
          slime_entry_1, grunt_megastairs_5, infiniplex_staircase_pool_2,
          lemuel_fruit_fields

Skill      XL: |  1  2  3  4  5  6  7  8  9 10 11 12 13 14 |
---------------+-------------------------------------------+-----
Unarmed Combat | 1 2 3 4 5 6 8 10 12 13 15 16 17 18 | 18.1
Fighting       | 1 3 4 6 7 8 9 10 | 10.5
Dodging        | 3 5 6 8 |  8.1
Shapeshifting  | 4 5 |  5.2
Throwing       | 2 |  2.5
Evocations     | 1 |  1.4
Short Blades   | |  0.7
Stealth        | |  1.5
Spellcasting   | |  1.2
Hexes          | |  2.0

Action                     |  1- 3 |  4- 6 |  7- 9 | 10-12 | 13-15 || total
---------------------------+-------+-------+-------+-------+-------++-------
  Melee: Dagger            |   260 |     1 |       |       |       ||   261
         Punch             |     4 |     2 |     9 |    48 |    33 ||    96
         Unarmed           |       |   165 |   235 |   432 |   314 ||  1146
  Throw: Stone             |       |     2 |     2 |     2 |     1 ||     7
         Dart              |       |     1 |     2 |       |       ||     3
Ability: Lunge             |       |       |       |    37 |    20 ||    57
         Whirlwind         |       |       |       |    15 |     2 ||    17
         Begin Untransform |       |       |       |     1 |     1 ||     2
  Evoke: Wand              |       |       |       |     3 |       ||     3
    Use: Potion            |       |     1 |     1 |       |     2 ||     4
         Scroll            |       |       |     5 |     4 |     2 ||    11
   Stab: Sleeping          |     2 |     5 |       |       |       ||     7
         Invisible         |       |     3 |     1 |       |       ||     4
 Armour: Robe              |   185 |    46 |   113 |    35 |       ||   379
         Ice dragon scales |       |       |       |   181 |    23 ||   204
         Fire dragon scale |       |       |       |       |   125 ||   125
         Steam dragon scal |       |       |       |       |    11 ||    11
  Dodge: Dodged            |   122 |    80 |   163 |   215 |   130 ||   710
   Form: Beast             |       |       |       |     2 |     1 ||     3
